 Dungeon Crawl Stone Soup version 0.31.0-9-g3a7656b989 (webtiles) character file.

Game seed: 10475276159640088044

56 qw the Shooter (level 3, -2/20 HPs)
             Began as a Deep Elf Hunter on Feb 2, 2024.
             Slain by a goblin
             ... wielding a +0 dagger
             ... led by Robin
              (3 damage)
             ... on level 2 of the Dungeon.
             The game lasted 00:00:03 (927 turns).

qw the Shooter (Deep Elf Hunter)                     Turns: 927, Time: 00:00:04

Health: -2/20      AC:  3    Str: 10    XL:     3   Next: 71%
Magic:  5/5        EV: 12    Int: 13    God:
Gold:   66         SH:  0    Dex: 18    Spells: 2/2 levels left

rFire   . . .        a - +0 shortbow
rCold   . . .        (shield currently unavailable)
rNeg    . . .        c - +0 leather armour
rPois   .            (no helmet)
rElec   .            (no cloak)
rCorr   .            (no gloves)
SInv    .            (no boots)
Will    .....        (no amulet)
Stlth   ++           (no ring)
HPRegen 0.23/turn    (no ring)
MPRegen 0.09/turn

%: no passive effects
@: about to teleport
A: no striking features
a: no special abilities


You were on level 2 of the Dungeon.
You visited 1 branch of the dungeon, and saw 2 of its levels.

You collected 102 gold pieces.
You spent 36 gold pieces at shops.


   Skills:
 - Level 1.5 Fighting
 + Level 7.2 Ranged Weapons
 - Level 2.4 Dodging
 - Level 1.2 Stealth


You had 2 spell levels left.
You didn't know any spells.
Your spell library was empty.

Inventory:

Hand Weapons
 a - a +0 shortbow (weapon)
Armour
 b - a +0 pair of gloves
 c - a +0 leather armour (worn)
Scrolls
 d - a scroll of teleportation
 e - 2 scrolls of identify {unknown}
Potions
 f - a potion of enlightenment
 g - a potion of might {unknown}

Dungeon Overview and Level Annotations

Branches:
Dungeon (2/15)

Altars:

Shops:
D:1 ?

Annotations:
D:2 Robin


Message History

The goblin is heavily wounded.
Robin of the Strong Arm comes into view.
They are wielding a +0 dagger and wearing the +0 helmet "Dytrye" {Str+3 Dex+4}.
You shoot an arrow. The arrow closely misses the goblin.
Robin shouts!
The arrow hits Robin.
Robin is lightly wounded.
Robin roars a battlecry!
The goblin goes into a battle-frenzy!
You shoot an arrow. The arrow barely misses the goblin.
The arrow hits Robin.
Robin is moderately wounded.
A goblin comes into view. It is wielding a +0 dagger.
Robin roars a battlecry!
You hear a shout! x2
You shoot an arrow. The arrow hits the goblin!
You kill the goblin!
Robin throws the goblin at you! The goblin barely misses you.
A goblin comes into view. It is wielding a +0 club.
Robin throws the goblin at you! The goblin hits you with a dagger.
You shoot an arrow. The arrow hits the goblin.
You kill the goblin!
Robin roars a battlecry!
The goblin hits you with a +0 club.
A goblin comes into view. It is wielding a +0 club.
You shoot an arrow. The arrow closely misses the goblin.
Robin throws the goblin at you! The goblin hits you but does no damage.
The goblin barely misses you.
You shoot an arrow. The arrow barely misses the goblin.
The goblin barely misses you. The goblin closely misses you.
You shoot an arrow. The arrow hits the goblin.
You kill the goblin!
The goblin hits you with a +0 club.
You shoot an arrow. The arrow misses the goblin.
The goblin hits you with a +0 club. The goblin hits you with a +0 dagger.
927 ||| READING 2 scrolls of teleportation.
As you read the scroll of teleportation, it crumbles to dust.
You feel strangely unstable. The goblin closely misses you.
A goblin comes into view. It is wielding a +0 club.
The goblin hits you with a +0 dagger.
You die...

#.##.# #...#### #..#.#.#
#..##..# #..##..# ###
#..##..# ..#
###..##..###.###
##.###.##..............(
g)%g.)g@.....##..###.###
......g)...#.......#
)#....###..#.#####...#
#.### #..#.# .### #
#..#.# # #..#.# #..#.#
#..#.. ......


You could see Robin and 3 goblins.

Vanquished Creatures
  3 dart slugs (D:1)
  4 bats
  5 endoplasms
  A giant cockroach (D:1)
  7 goblins
  6 hobgoblins
  3 quokkas (D:1)
  8 ball pythons
  2 frilled lizards
  4 kobolds
  2 rats (D:1)
45 creatures vanquished.

Notes
Turn   | Place    | Note
-------+----------+-------------------------------------------
     0 | D:1      | qw the Deep Elf Hunter began the quest for the Orb.
     0 | D:1      | Reached XP level 1. HP: 12/12 MP: 3/3
     0 | D:1      | 0 ||| qw: Version: 0.3-a-155-g5e7d8dd
     0 | D:1      | 0 ||| qw: Game counter: 1753
     0 | D:1      | 0 ||| qw: Melee chars always use a shield: true
     0 | D:1      | 0 ||| qw: God list: Okawaru
     0 | D:1      | 0 ||| qw: Allow faded altars: false
     0 | D:1      | 0 ||| qw: Do Orc after clearing Dungeon:15 true
     0 | D:1      | 0 ||| qw: Do second Lair branch before Depths: true
     0 | D:1      | 0 ||| qw: Lair rune preference: random
     0 | D:1      | 0 ||| qw: Goals: Normal
     0 | D:1      | 0 ||| PLANNING D:1-11
   127 | D:1      | Reached XP level 2. HP: 11/16 MP: 4/4
   128 | D:1      | Reached skill level 6 in Ranged Weapons
   207 | D:1      | Found a faded altar of an unknown god.
   337 | D:1      | Reached XP level 3. HP: 20/20 MP: 5/5
   467 | D:1      | Found Beloab's Magic Scroll Shoppe.
   480 | D:1      | 480 ||| SHOPLISTING scroll of brand weapon (114 gold, have
                  | 71).
   480 | D:1      | 480 ||| SHOPLISTING scroll of enchant weapon (90 gold, have
                  | 71).
   480 | D:1      | 480 ||| BUYING scroll of teleportation (36 gold).
   480 | D:1      | Bought a scroll of teleportation for 36 gold pieces
   709 | D:1      | 709 ||| READING scroll labelled QEGUTY HAET.
   710 | D:1      | 710 ||| DRINKING 2 silvery potions.
   711 | D:1      | 711 ||| DROPPING scroll of butterflies.
   793 | D:2      | Reached skill level 7 in Ranged Weapons
   918 | D:2      | Identified the +0 helmet "Dytrye" {Str+3 Dex+4}
   918 | D:2      | Noticed Robin
   926 | D:2      | HP: 3/20 [goblin/+0 club[Robin] (5)]
   926 | D:2      | HP: 1/20 [goblin/+0 dagger[Robin] (2)]
   927 | D:2      | 927 ||| READING 2 scrolls of teleportation.
   927 | D:2      | Slain by a goblin

Levels and vault maps discovered:
D:1:      ncdulo_watergridlock, layout_loops_cross, serial_shops, shop,
          shapermc_ecumenical_altar_hornbeckon
D:2:      layout_loops_ring, serial_rivers, chequers_serial_rivers_room_b,
          chequers_serial_rivers_small_b, chequers_serial_rivers_micro_c,
          chequers_serial_rivers_large_b, basic_altar, dk_noncrumbling_4,
          serial_bayou_lake_a, uniq_sigmund, uniq_robin

Skill      XL: |  1  2  3 |
---------------+----------+-----
Ranged Weapons | 6 7 |  7.2
Fighting       | |  1.5
Dodging        | |  2.4
Stealth        | |  1.2

Action                     || total
---------------------------++-------
   Fire: Shortbow          ||   102
    Use: Scroll            ||     2
         Potion            ||     1
 Armour: Leather armour    ||    21
  Dodge: Dodged            ||    23

Table legend:
 A = Non-vault XP
 B = Vault XP
 C = Vault XP percentage of total XP
 D = Non-vault monster count
 E = Vault monster count
 F = Vault count percentage of total count
                 A         B        C        D         E       F
            +---------+---------+-------+---------+---------+-------
      Total |      70 |      11 |  13.6 |      39 |       6 |  13.3
            +---------+---------+-------+---------+---------+-------
        D:1 |      60 |       0 |   0.0 |      33 |       0 |   0.0
        D:2 |      10 |      11 |  52.4 |       6 |       6 |  50.0
            +---------+---------+-------+---------+---------+-------
